 Dungeon Crawl Stone Soup version 0.28.0-43-g3370ac3207 (webtiles) character file.

Game seed: 8416438705679643558

877 CryoSword the Ruffian (level 7, -1/70 HPs)
             Began as a Troll Monk on Mar 27, 2022.
             Slain by a killer bee (3 damage)
             ... on level 3 of the Dungeon.
             The game lasted 00:04:35 (3248 turns).

CryoSword the Ruffian (Troll Monk)                  Turns: 3248, Time: 00:04:36

Health: -1/70      AC:  5    Str: 20    XL:     7   Next: 75%
Magic:  6/6        EV: 11    Int:  6    God:
Gold:   119        SH:  0    Dex: 14    Spells: 6/6 levels left

rFire   . . .      SeeInvis .     - Unarmed
rCold   + . .      Faith    .   (no shield)
rNeg    + . .      Spirit   .   a - +0 robe
rPois   .          Reflect  .   (helmet restricted)
rElec   .          Harm     .   q - +0 cloak
rCorr   +          Rampage  .   (gloves unavailable)
Will    .....                   (boots unavailable)
Stlth   ++........              (no amulet)
HPRegen 1.01/turn               b - ring of positive energy
MPRegen 0.10/turn               g - ring of resist corrosion

@: lethally poisoned (-1 -> -2)
A: large, unfitting armour, claws 3, regeneration 1, shaggy fur 1, tough skin 1,
cold resistance 1
a: no special abilities


You were on level 3 of the Dungeon.
You visited 1 branch of the dungeon, and saw 4 of its levels.

You collected 119 gold pieces.

Inventory:

Hand Weapons
 n - a +4 spear
   (You took it off Robin on level 2 of the Dungeon)
Missiles
 e - 11 poisoned darts (quivered)
Armour
 a - a +0 robe (worn)
 q - a +0 cloak (worn)
   (You found it on level 3 of the Dungeon)
Jewellery
 b - a ring of positive energy (left claw)
   (You found it on level 1 of the Dungeon)
 g - a ring of resist corrosion (right claw)
   (You found it on level 1 of the Dungeon)
 k - a ring of magical power
   (You found it on level 1 of the Dungeon)
 p - an amulet of regeneration
   (You found it on level 3 of the Dungeon)
Scrolls
 j - a scroll of identify {unknown}
 l - a scroll of noise {unknown}
 m - a scroll of vulnerability {unknown}
Potions
 c - a potion of haste {unknown}
 f - 2 potions of flight {unknown}
 h - a potion of cancellation {unknown}
 i - a potion of ambrosia {unknown}
 o - a potion of lignification {unknown}
 r - a potion of mutation {!q}


   Skills:
 + Level 4.0 Fighting
 + Level 3.1 Throwing
 + Level 4.1 Dodging
 - Level 1.0 Stealth
 * Level 6.3 Unarmed Combat


You had 6 spell levels left.
You didn't know any spells.
Your spell library contained the following spells:

 Spells                   Type           Power      Damage    Failure   Level
 Ensorcelled Hibernation  Hex/Ice        0%         N/A       58%         2
 Passwall                 Tmut/Erth      0%         N/A       58%         2
 Swiftness                Air            0%         N/A       83%         3


Dungeon Overview and Level Annotations

Branches:
Dungeon (4/15)
 Temple: D:4-7

Altars:
Xom


Innate Abilities, Weirdness & Mutations

You are too large for most types of armour.
You have claws for hands.
Your natural rate of healing is unusually fast.
You are covered in fur. (AC +1)
You have tough skin. (AC +1)
Your flesh is cold resistant. (rC+)


Message History

a +0 rapier; a +1 leather armour of fire resistance; the human corpse of Eustachio
Okay, then.
You start resting.
Search for what [Enter for "."]? armor
Things that are here:
a +0 rapier; a +1 leather armour of fire resistance; the human corpse of Eustachio The kobold shouts!
You hear a shout!
You hear an angry hiss. x2
A killer bee comes into view.
There are monsters nearby!
There are monsters nearby!
An orc and a killer bee come into view.
The orc shouts!
The killer bee buzzes angrily.
The orc shouts!
A killer bee comes into view. x2
The killer bee buzzes angrily.
You hear an angry hiss.
The killer bee buzzes angrily.
An adder comes into view.
The killer bee barely misses you. The killer bee stings you.
Things that are here:
a +0 rapier; a +1 leather armour of fire resistance; the human corpse of Eustachio The killer bee closely misses you.
The killer bee barely misses you.
You miss the killer bee.
The killer bee stings you but does no damage.
The killer bee stings you.
You are poisoned.
The killer bee poisons you!
You claw the killer bee!
You feel very sick. The killer bee misses you.
You closely miss the killer bee.
You feel sick. The killer bee closely misses you. x2
You claw the killer bee! Your claw misses the killer bee.
You feel sick.
The killer bee stings you but does no damage.
The killer bee barely misses you.
You scratch the killer bee but do no damage.
You feel sick. The killer bee stings you!
The killer bee stings you but does no damage.
You mangle the killer bee!!
You kill the killer bee!
You feel sick. The killer bee barely misses you.
Your Throwing skill increases to level 3!
Your Dodging skill increases to level 4!
You claw the killer bee!
You feel sick.
The killer bee stings you but does no damage.
The killer bee barely misses you.
You claw the killer bee!
You kill the killer bee!
You feel sick. The killer bee closely misses you.
Your Fighting skill increases to level 4!
You miss the killer bee.
You feel sick. The killer bee misses you. The killer bee barely misses you.
You closely miss the killer bee.
The killer bee buzzes angrily.
You hear an angry buzzing noise.
The killer bee completely misses you. The killer bee stings you.
You are more poisoned.
The killer bee poisons you!
You barely miss the killer bee.
You feel sick. The killer bee stings you. The killer bee barely misses you.
You claw the killer bee!
You feel sick. The killer bee stings you.
You are more poisoned.
The killer bee poisons you!
Unknown command.
You claw the killer bee!
You kill the killer bee!
You feel very sick. The adder barely misses you.
You mangle the adder!!
You kill the adder!
You feel sick.
You barely miss the kobold.
You feel sick. The kobold hits you with a +0 whip.
* * * LOW HITPOINT WARNING * * *
You scratch the kobold but do no damage.
You feel sick. The kobold hits you but does no damage.
You claw the kobold!
You kill the kobold!
You feel sick.
The orc grunts loudly, as Orcs often do.
You feel sick.
You feel sick.
You feel sick.
You feel sick.
You feel sick.
You are no longer poisoned.
The killer bee stings you.
* * * LOW HITPOINT WARNING * * *
The killer bee barely misses you. The killer bee stings you.
* * * LOW HITPOINT WARNING * * *
The killer bee closely misses you. The killer bee closely misses you.
The killer bee closely misses you.
You barely miss the killer bee. The killer bee misses you. x2
The killer bee barely misses you. The killer bee stings you.
* * * LOW HITPOINT WARNING * * *
You are poisoned.
The killer bee poisons you!
You feel sick. The killer bee stings you.
* * * LOW HITPOINT WARNING * * *
You are more poisoned.
The killer bee poisons you!
You feel very sick. The killer bee misses you.
You feel very sick. The killer bee stings you.
* * * LOW HITPOINT WARNING * * *
Unknown command.
You feel sick.
There is a fountain of clear blue water here.
You feel sick. The killer bee stings you.
* * * LOW HITPOINT WARNING * * *
You feel sick. The killer bee barely misses you.
The killer bee stings you but does no damage.
It was a potion of curing.
You feel better. The killer bee completely misses you.
The killer bee stings you but does no damage.
The killer bee stings you.
* * * LOW HITPOINT WARNING * * *
The killer bee barely misses you. The killer bee stings you.
* * * LOW HITPOINT WARNING * * *
The killer bee stings you!
* * * LOW HITPOINT WARNING * * *
The killer bee stings you.
* * * LOW HITPOINT WARNING * * *
You feel better.
The killer bee stings you but does no damage.
The killer bee barely misses you. x2; The killer bee closely misses you.
The killer bee stings you.
* * * LOW HITPOINT WARNING * * *
The killer bee stings you.
* * * LOW HITPOINT WARNING * * *
You are poisoned.
The killer bee poisons you!
The killer bee stings you but does no damage.
There is a stone staircase leading up, spattered with blood here.
* * * LOW HITPOINT WARNING * * *
You feel very sick. The killer bee closely misses you.
The killer bee barely misses you. x2
The killer bee closely misses you.
You climb upwards.
* * * LOW HITPOINT WARNING * * *
You feel sick.
There is a stone staircase leading down here.
It was a potion of mutation.
You feel extremely strange.
You feel resistant to cold.
You feel sick. The killer bee barely misses you. x2
The killer bee closely misses you. The killer bee stings you.
You die...

#.#P#.#######'# #b#.#.# #.# #
..###.#.......# #.#.#P# #.# # ..#
#.#.......# #.#.#.# ### # ###
#.........# #.#.#.# # #
###.......# #.#.#P# #
#######.......# #.#.#.# #########
..............#####.### #.†...#..
##.###...........#..# #####.#.#
#..##.........y@#.######## #.#.#
###'####.....)..y#........# #.#.#
.....^.#.........#........# #.#.#
##._.###....#.#.##........# #.#.#
.^)..^(####.#.#.....#'##### #.#.#
###'####....#.#.###.#.#######.#.#
#..##.#####.#.# #.#.#.......#.#
##.##.# #.#.# #.#...#####.#..
####.##.#####.#.# #.#############


You could see 2 killer bees.

Vanquished Creatures
  Sigmund (D:2)
  Eustachio (D:4)
  Menkaure (D:4)
  3 killer bees (D:4)
  4 crimson imps (D:3)
  An iguana (D:2)
  Robin (D:2)
  6 adders
  An ufetubus (D:4)
  2 worms
  A dart slug (D:1)
  3 ball pythons
  8 endoplasms
  4 giant cockroaches
  12 goblins
  11 hobgoblins
  A jackal (D:2)
  4 quokkas
  6 bats
  3 frilled lizards
  9 kobolds
  6 rats
89 creatures vanquished.

Vanquished Creatures (others)
  2 plants (D:2)
2 creatures vanquished.

Grand Total: 91 creatures vanquished

Notes
Turn   | Place    | Note
-------+----------+-------------------------------------------
     0 | D:1      | CryoSword the Troll Monk began the quest for the Orb.
     0 | D:1      | Reached XP level 1. HP: 22/22 MP: 0/0
   124 | D:1      | Reached XP level 2. HP: 29/29 MP: 1/1
   889 | D:2      | Reached XP level 3. HP: 36/36 MP: 2/2
   917 | D:2      | Found a faded altar of an unknown god.
  1146 | D:2      | Reached skill level 1 in Throwing
  1159 | D:2      | Reached XP level 4. HP: 38/44 MP: 3/3
  1177 | D:2      | Reached skill level 4 in Unarmed Combat
  1253 | D:2      | Noticed Robin
  1257 | D:2      | Noticed Sigmund
  1282 | D:2      | Killed Robin
  1297 | D:2      | Killed Sigmund
  1298 | D:2      | Reached XP level 5. HP: 17/53 MP: 4/4
  1338 | D:2      | Reached XP level 6. HP: 45/61 MP: 5/5
  1535 | D:2      | Reached skill level 5 in Unarmed Combat
  2329 | D:3      | Found a shimmering altar of Xom.
  3111 | D:4      | Noticed Menkaure
  3123 | D:4      | Killed Menkaure
  3124 | D:4      | Reached XP level 7. HP: 68/68 MP: 6/6
  3149 | D:4      | Noticed Eustachio
  3173 | D:4      | Killed Eustachio
  3174 | D:4      | Reached skill level 6 in Unarmed Combat
  3243 | D:4      | HP: 1/70 [killer bee (5)]
  3248 | D:3      | Gained mutation: Your flesh is cold resistant. (rC+)
                  | [potion of mutation]
  3248 | D:3      | HP: 2/70 [poisoned by a killer bee]
  3248 | D:3      | Slain by a killer bee

Illustrated notes

Levels and vault maps discovered:
D:1:      lightli_arrival_noodles, layout_basic
D:2:      layout_basic, shapermc_ecumenical_altar_mp_ritualfount,
          kennysheep_nondescript, minmay_misc_feat_roman, serial_bayou_pond_b,
          uniq_sigmund, uniq_robin
D:3:      layout_basic, led_xom_imps, serial_aquarium, aquarium_bridge_straight
          [aquarium_subvault_bridge, aquarium_subvault_wall,
          aquarium_subvault_bridge, aquarium_subvault_window],
          aquarium_window_corner, aquarium_window_fake, aquarium_window_1,
          aquarium_view_2a, aquarium_view_2d, minmay_stone_trees_small,
          moated_statue
D:4:      cheibrodos_helix_gallery, layout_loops_ring, grunt_ministairs_8,
          uniq_grinder, uniq_duvessa, uniq_eustachio, uniq_menkaure

Skill      XL: |  1  2  3  4  5  6  7 |
---------------+----------------------+-----
Throwing       | 1 2 3 |  3.1
Unarmed Combat | 4 5 6 |  6.3
Fighting       | 3 4 |  4.0
Dodging        | 3 4 |  4.1
Stealth        | |  1.0

Action                   |  1- 3 |  4- 6 |  7- 9 || total
-------------------------+-------+-------+-------++-------
Melee: Unarmed           |    62 |   126 |    31 ||   219
       Punch             |     1 |     2 |     2 ||     5
  Use: Potion            |       |       |     3 ||     3
 Stab: Sleeping          |     8 |     2 |       ||    10
       Distracted        |       |     1 |       ||     1
Armor: Robe              |    17 |    37 |    13 ||    67
Dodge: Dodged            |    26 |    50 |    39 ||   115
